 Dungeon Crawl Stone Soup version 0.26-a0-541-g3b3d21e777 (webtiles) character file.

Game seed: 14926104035577812349

176623 shrimati the Blocker (level 18, 0/143 HPs)
             Began as a Gnoll Fighter on Aug 15, 2020.
             Was an Initiate of Gozag.
             Killed from afar by a starcursed mass (4 damage)
             ... with an accursed screaming
             ... on level 2 of the Abyss on Aug 16, 2020.
             The game lasted 01:37:06 (44053 turns).

shrimati the Blocker (Gnoll Fighter)               Turns: 44053, Time: 01:37:07

Health: 0/143      AC: 26    Str: 21    XL:     18   Next: 14%
Magic:  34/34      EV: 20    Int: 29    God:    Gozag
Gold:   3362       SH: 15    Dex: 18    Spells: 10/41 levels left

rFire    x . .     SeeInvis +   l - +7 eveningstar (holy)
rCold    + . .     Faith    .   c - +1 kite shield
rNeg     . . .     Spirit   .   O - +4 ring mail "Hubbablu" {Slay+3}
rPois    .         Reflect  .   X - +2 helmet {Int+3}
rElec    .         Harm     .   R - +2 cloak {Stlth+}
rCorr    .                      Q - +2 pair of gloves {Dex+3}
MR       +....                  Y - +2 pair of boots {run}
Stlth    +++++.....             Z - amulet of regeneration
HPRegen  0.73/turn              B - ring of the Turtledove {Ice Int+10 SInv}
MPRegen  0.24/turn              x - +4 ring of slaying

@: gold aura, quick
A: distributed training, fangs 1, strong nose
a: Potion Petition, Call Merchant, Bribe Branch, Renounce Religion


You were on level 2 of the Abyss.
You worshipped Gozag.
Gozag was most pleased with you.
You visited 5 branches of the dungeon, and saw 27 of its levels.
You visited the Abyss 1 time.
You also visited: Sewer and Ice Cave.

You collected 10395 gold pieces.
You spent 4690 gold pieces at shops.
You paid 2343 gold pieces to Gozag.

Inventory:

Hand Weapons
 l - a +7 eveningstar of holy wrath (weapon)
 W - the +7 morningstar "Kitigi Ytzua" {vorpal, Str+2}
   (You bought it in a shop on level 6 of the Lair of Beasts)

   It inflicts extra damage upon your enemies.
   It affects your strength (+2).
Missiles
 a - 5 boomerangs of dispersal
 t - 35 boomerangs (quivered)
 G - 18 javelins
 L - 3 silver javelins
Armour
 c - a +1 kite shield (worn)
 O - the +4 ring mail "Hubbablu" (worn) {Slay+3}
   (You found it on level 10 of the Dungeon)

   It affects your accuracy and damage with ranged weapons and melee attacks
   (+3).
 Q - a +2 pair of gloves of dexterity (worn)
 R - a +2 cloak of stealth (worn)
 X - a +2 helmet of intelligence (worn)
 Y - a +2 pair of boots of running (worn)
Jewellery
 p - the ring "Trusted Companion" {rF+ MP+9 Int+2 Dex+6}
   (You found it on level 14 of the Dungeon)

   [ring of dexterity]

   It affects your intelligence (+2).
   It affects your dexterity (+6).
   It protects you from fire.
   It affects your magic capacity (+9).
 s - an uncursed amulet of guardian spirit
 x - a +4 ring of slaying (right hand)
 B - the ring of the Turtledove (left hand) {Ice Int+10 SInv}
   (You acquired it on level 6 of the Lair of Beasts)

   [ring of ice]

   It enhances your ice magic.
   It affects your intelligence (+10).
   It makes you vulnerable to fire.
   It protects you from cold.
   It lets you see invisible.
 U - a +4 ring of slaying
 Z - an amulet of regeneration (around neck)
Wands
 q - a wand of disintegration (25)
 u - a wand of acid (16)
 F - a wand of paralysis (12)
 J - a wand of digging (4)
 M - a wand of iceblast (23)
Scrolls
 j - a scroll of fear
 v - 23 scrolls of teleportation
 y - 5 scrolls of remove curse
 D - 8 scrolls of fog
 E - 6 scrolls of amnesia
 K - 3 scrolls of blinking
 N - a scroll of immolation
 V - 6 scrolls of magic mapping
Potions
 d - 6 potions of might
 f - a potion of invisibility
 g - 2 potions of heal wounds
 h - 7 potions of haste
 i - 3 potions of resistance
 k - 4 potions of curing
 m - 3 potions of flight
 n - 6 potions of brilliance
 o - 3 potions of mutation
 w - 2 potions of stabbing
 z - 2 potions of cancellation
 A - 4 potions of ambrosia
 P - 2 potions of lignification
Miscellaneous
 b - a tin of tremorstones (3/3)
 e - a condenser vane (1/2)
 H - a box of beasts (3/3)


   Skills:
 + Level 13.3 Fighting
 + Level 12.0 Short Blades
 + Level 12.0 Long Blades
 + Level 12.0 Axes
 + Level 12.0 Maces & Flails
 + Level 12.7 Polearms
 + Level 12.0 Staves
 + Level 12.0 Slings
 + Level 12.0 Bows
 + Level 12.0 Crossbows
 + Level 12.0 Throwing
 + Level 13.3 Armour
 + Level 12.0 Dodging
 + Level 12.0 Stealth
 + Level 13.3 Shields
 + Level 12.0 Unarmed Combat
 + Level 12.0 Spellcasting
 + Level 10.2 Conjurations
 + Level 10.2 Hexes
 + Level 10.2 Summonings
 + Level 10.2 Necromancy
 + Level 10.2 Translocations
 + Level 10.2 Transmutations
 + Level 10.2 Fire Magic
 + Level 10.2 Ice Magic
 + Level 10.2 Air Magic
 + Level 10.2 Earth Magic
 + Level 10.2 Poison Magic
 + Level 12.9 Invocations
 + Level 12.0 Evocations


You had 10 spell levels left.
You knew the following spells:

 Your Spells              Type           Power        Failure   Level
a - Silence               Hex/Air        ######....   2%          5
b - Cause Fear            Hex            ######....   1%          4
c - Wereblood             Tmut           ######..     1%          2
d - Invisibility          Hex            ######..     12%         6
e - Passage of Golubria   Tloc           N/A          1%          4
f - Fireball              Conj/Fire      ######....   2%          5
g - Summon Mana Viper     Hex/Summ       ######..     2%          5

Your spell library contained the following spells:

 Spells                   Type           Power        Failure   Level
 Beastly Appendage        Tmut           ######       1%          1
 Corona                   Hex            ######.      1%          1
 Corpse Rot               Necr/Air       N/A          1%          2
 Passwall                 Tmut/Erth      ######..     1%          2
 Slow                     Hex            ######..     1%          2
 Sublimation of Blood     Necr           ######....   1%          2
 Swiftness                Air            ######..     1%          2
 Confusing Touch          Hex            ######..     1%          3
 Gell's Gravitas          Tloc           ######....   1%          3
 Ignite Poison            Fire/Tmut/Pois ######..     1%          3
 Inner Flame              Hex/Fire       ######..     1%          3
 Portal Projectile        Hex/Tloc       ######       1%          3
 Spider Form              Tmut/Pois      ######....   1%          3
 Dispel Undead            Necr           ######..     1%          4
 Ice Form                 Ice/Tmut       #######.     1%          4
 Leda's Liquefaction      Hex/Erth       ######....   1%          4
 Petrify                  Tmut/Erth      ######..     1%          4
 Agony                    Necr           ######..     2%          5
 Blade Hands              Tmut           ######....   2%          5
 Bolt of Magma            Conj/Fire/Erth ######....   2%          5
 Excruciating Wounds      Necr           ######....   2%          5
 Lee's Rapid Deconstruct  Erth           ######....   2%          5
 Metabolic Englaciation   Hex/Ice        #######...   2%          5
 Summon Demon             Summ           ######....   2%          5
 Summon Forest            Summ/Tloc      ######....   2%          5
 Yara's Violent Unravell  Hex/Tmut       ######....   2%          5
 Iron Shot                Conj/Erth      ######....   12%         6
 Shadow Creatures         Summ           N/A          12%         6
 Starburst                Conj/Fire      ######....   12%         6
 Statue Form              Tmut/Erth      ######...    12%         6
 Summon Hydra             Summ           ######....   56%         7
 Discord                  Hex            ######....   99%         8
 Ignition                 Fire           ######....   99%         8
 Shatter                  Erth           ######....   100%        9


Dungeon Overview and Level Annotations

Branches:
Dungeon (15/15)            Temple (1/1) D:5            Lair (6/6) D:8
  Swamp (0/4) Lair:3        Snake (0/4) Lair:4        Slime (0/5) Lair:5
    Orc (2/2) D:12            Elf (3/3) Orc:2        Vaults (0/5) D:13
 Depths (0/5) D:15          Sewer (visited)           IceCv (visited)

Altars:
Ashenzari
Cheibriados
Dithmenos
Elyvilon
Fedhas
Gozag
Hepliaklqana
Kikubaaqudgha
Makhleb
Nemelex Xobeh
Okawaru
Qazlal
Ru
Sif Muna
Trog
Uskayaw
Vehumet
Wu Jian
Xom
Yredelemnul
Zin
The Shining One
Beogh

Shops:
D:4 }   D:9 }   D:14 (   Orc:1 *   Orc:2 *(}*   Elf:1 =   Elf:2 ((   Elf:3 =*[(
Lair:6 [((

Annotations:
D:9 1 runed translucent door, Murumi's ghost, journeyman FoFi
Lair:2 3 runed translucent doors, Ucoruk's ghost, journeyman OpFi
Elf:2 3 runed translucent doors


Innate Abilities, Weirdness & Mutations

Your experience applies equally to all skills.
You have very sharp teeth.
Your uncanny sense of smell can sniff out nearby items.


Message History

You block the large abomination's attack.
A starcursed mass splits.
You hit the starcursed mass. You bite the starcursed mass.
The starcursed mass is almost destroyed.
The starcursed mass shudders and is absorbed by its neighbour.
You hit the starcursed mass.
The starcursed mass is almost destroyed.
A starcursed mass splits.
The large abomination hits you!!
* * * LOW HITPOINT WARNING * * *
You puncture the large abomination!
The large abomination convulses.
The large abomination is moderately damaged.
You feel sick.
You are no longer poisoned.
The starcursed mass engulfs you!
* * * LOW HITPOINT WARNING * * *
The large abomination hits you!!
* * * LOW HITPOINT WARNING * * *
A chorus of shrieks assaults your mind.
You die...
Your body crumbles into a pile of gold.

.. ## # .# ..
. .. .# # ...
∆#.# # # # ##
...... # #.
.## #. ...#. .
.. # .#..#.# #
. ## .##.##.#
.. #.#.#...###
. ##....X##X#
##...#.$.#@X.#
# #.....
.#...#.#
...#.#.#..###
. # ..
....##.# . # #
###.# #.##.# .
. .# ##. # ##
.# # # .. #..


You could see 2 starcursed masses and a large abomination.

Vanquished Creatures
  A deep elf blademaster (Elf:3)
  A tentacled starspawn (Abyss:2)
  2 deep elf sorcerers (Elf:3)
  An orc warlord (Orc:2)
  The ghost of Bicoicew the Contaminator, a journeyman OpVM of Ru (D:14)
  A deep elf elementalist (Elf:3)
  A stone giant (Orc:2)
  The ghost of rasy the Peltast, a journeyman MiFi of Okawaru (Lair:6)
  2 entropy weavers (Lair:5)
  A green death (Abyss:2)
  Snorg (D:11)
  An ettin (D:11)
  A deep elf high priest (Elf:3)
  A great orb of eyes (shapeshifter) (D:15)
  11 hydras
  A catoblepas (D:14)
  The ghost of ANON1729 the Martial Artist, a journeyman DsTm of Ru (D:11)
  A rakshasa (Abyss:2)
  5 centaur warriors
  A death knight (D:14)
  A queen ant (Lair:5)
  8 two-headed ogres
  2 tengu warriors (D:14)
  Urug (D:13)
  11 death yaks
  5 orc high priests
  12 deep elf knights
  4 skeletal warriors (D:13)
  A glowing orange brain (D:15)
  3 unseen horrors
  A wizard (D:15)
  14 deep elf archers
  An orb spider (shapeshifter) (D:15)
  A necromancer (IceCv)
  2 wolf spiders
  7 orc knights
  5 orc sorcerers (Orc:2)
  36 deep elf magi
  17 ugly things
  4 cyclopes
  A manticore (D:14)
  7 centaur zombies
  2 black mambas (shapeshifter)
  Maurice (D:12)
  4 ice statues (IceCv)
  3 black mambas
  2 gargoyles (D:14)
  5 centaur skeletons
  28 cane toads
  3 rime drakes
  A freezing wraith (D:12)
  Maggie (D:8)
  4 yaktaurs (D:11)
  A redback zombie (D:14)
  9 komodo dragons
  A kobold demonologist (D:15)
  A tengu conjurer (D:14)
  3 efreet
  10 ice devils (IceCv)
  A troll (shapeshifter) (D:15)
  12 trolls
  3 hornets
  4 polar bears
  6 tyrant leeches
  10 blink frogs (Lair:6)
  15 slime creatures
  11 hippogriffs
  An air elemental (Elf:3)
  2 spriggans (Lair:6)
  A vampire (D:13)
  3 wyverns
  Grum (D:9)
  4 wraiths
  5 fire elementals
  16 humans (D:13)
  39 yaks
  A fire bat (shapeshifter) (D:15)
  2 basilisks
  A hog (shapeshifter) (Elf:3)
  6 vampire mosquitoes (Lair:6)
  3 wargs
  A large abomination (Abyss:2)
  A swamp worm (Lair:3)
  27 soldier ants
  24 water moccasins
  6 porcupines
  2 acid dragons
  2 ice beasts
  2 sky beasts
  5 boggarts (Lair:6)
  An eye of draining (D:10)
  45 orc warriors
  2 phantoms
  4 necrophages
  20 ogres
  23 wolves
  14 crocodiles
  12 centaurs
  9 big kobolds
  33 bullfrogs
  An earth elemental (Elf:1)
  2 wyvern skeletons (D:14)
  8 scorpions
  10 killer bees
  2 electric eels (Lair:3)
  16 wights
  5 howler monkeys
  3 bullfrog zombies
  A wyvern simulacrum (D:14)
  4 jellies
  7 hounds
  36 orc priests
  A gnoll shaman (D:9)
  25 orc wizards
  Crazy Yiuf (D:4)
  3 bullfrog skeletons
  Terence (D:2)
  6 iguanas
  17 hell rats
  26 worker ants
  2 spriggan simulacra (IceCv)
  2 troll simulacra (IceCv)
  A centaur simulacrum (IceCv)
  A hound zombie (D:4)
  4 hound skeletons
  A worker ant zombie (D:10)
  10 gnolls
  2 naga simulacra (IceCv)
  3 ogre simulacra (IceCv)
  19 adders
  2 river rats (Sewer)
  A shadow imp (D:9)
  A white imp (D:8)
  4 ufetubi
  5 oozes (Sewer)
  An adder zombie (D:5)
  8 worms
  An adder skeleton (D:5)
  2 dart slugs
  2 leopard geckos
  124 orcs
  9 ball pythons
  4 giant cockroaches
  15 goblins
  10 hobgoblins
  5 jackals
  7 quokkas
  8 bats
  10 frilled lizards
  2 jackal zombies (D:5)
  26 kobolds
  2 leopard gecko skeletons
  A quokka zombie (D:4)
  17 rats
  3 fungi
  3 plants
1132 creatures vanquished.

Vanquished Creatures (collateral kills)
  A soldier ant (Lair:5)
  3 plants (Lair:5)
4 creatures vanquished.

Vanquished Creatures (others)
  Asterion (Elf:1)
  12 dancing weapons
  2 orc wizards (Orc:2)
  A worker ant zombie (D:10)
  13 fungi
  23 plants
52 creatures vanquished.

Grand Total: 1188 creatures vanquished

Notes
Turn   | Place    | Note
-------+----------+-------------------------------------------
     0 | D:1      | shrimati the Gnoll Fighter began the quest for the Orb.
     0 | D:1      | Reached XP level 1. HP: 23/23 MP: 1/1
    70 | D:1      | Reached XP level 2. HP: 29/29 MP: 2/2
   380 | D:1      | Reached XP level 3. HP: 35/35 MP: 3/3
   718 | D:2      | Reached skill level 1 in Invocations
  1061 | D:2      | Found an iron altar of Okawaru.
  1062 | D:2      | Noticed Terence
  1072 | D:2      | Killed Terence
  1072 | D:2      | Reached skill level 1 in Short Blades
  1072 | D:2      | Reached skill level 1 in Long Blades
  1072 | D:2      | Reached skill level 1 in Axes
  1072 | D:2      | Reached skill level 1 in Maces & Flails
  1072 | D:2      | Reached skill level 1 in Staves
  1072 | D:2      | Reached skill level 1 in Slings
  1072 | D:2      | Reached skill level 1 in Bows
  1072 | D:2      | Reached skill level 1 in Crossbows
  1072 | D:2      | Reached skill level 1 in Throwing
  1072 | D:2      | Reached skill level 1 in Dodging
  1072 | D:2      | Reached skill level 1 in Stealth
  1072 | D:2      | Reached skill level 1 in Unarmed Combat
  1072 | D:2      | Reached skill level 1 in Spellcasting
  1072 | D:2      | Reached skill level 1 in Evocations
  1072 | D:2      | Reached XP level 4. HP: 40/41 MP: 5/5
  1150 | D:2      | Noticed a centaur
  1168 | D:2      | Killed a centaur
  1168 | D:2      | Reached skill level 1 in Conjurations
  1168 | D:2      | Reached skill level 1 in Hexes
  1168 | D:2      | Reached skill level 1 in Summonings
  1168 | D:2      | Reached skill level 1 in Necromancy
  1168 | D:2      | Reached skill level 1 in Translocations
  1168 | D:2      | Reached skill level 1 in Transmutations
  1168 | D:2      | Reached skill level 1 in Fire Magic
  1168 | D:2      | Reached skill level 1 in Ice Magic
  1168 | D:2      | Reached skill level 1 in Air Magic
  1168 | D:2      | Reached skill level 1 in Earth Magic
  1168 | D:2      | Reached skill level 1 in Poison Magic
  1168 | D:2      | Reached XP level 5. HP: 4/47 MP: 5/7
  1851 | D:3      | Reached XP level 6. HP: 53/53 MP: 8/8
  2097 | D:3      | Found a shimmering blue altar of Sif Muna.
  2340 | D:3      | Found a shimmering altar of Xom.
  2604 | D:4      | Reached skill level 5 in Polearms
  2841 | D:3      | Reached XP level 7. HP: 44/59 MP: 10/10
  3151 | D:4      | Found a shadowy altar of Dithmenos.
  3165 | D:4      | Found Vaapsuruits's Gadget Emporium.
  3422 | D:4      | You fall into a shaft and drop 2 floors!
  3429 | D:6      | Found an ancient bone altar of Kikubaaqudgha.
  3542 | D:6      | Found a glowing drain.
  3587 | Sewer    | Entered a sewer
  3702 | Sewer    | Reached XP level 8. HP: 67/67 MP: 12/12
  5698 | D:5      | Entered Level 5 of the Dungeon
  5956 | D:5      | Reached XP level 9. HP: 47/72 MP: 14/14
  6138 | D:5      | Found a staircase to the Ecumenical Temple.
  6148 | Temple   | Entered the Ecumenical Temple
  6313 | Temple   | Became a worshipper of Gozag Ym Sagoz the Greedy
  6446 | D:5      | Found a snail-covered altar of Cheibriados.
  6790 | D:4      | Found a transporter.
  6790 | D:4      | Found a hazy altar of Hepliaklqana.
  6796 | D:4      | Found a transporter.
  6992 | D:4      | Found a bloodstained altar of Trog.
  7406 | D:4      | Found a runed translucent door.
  7407 | D:4      | Noticed Crazy Yiuf
  7413 | D:4      | Killed Crazy Yiuf
  8009 | D:7      | Found a hide-covered altar of Uskayaw.
  8573 | D:8      | Noticed Maggie
  8573 | D:8      | Noticed a hornet
  8580 | D:8      | Killed a hornet
  8580 | D:8      | Reached skill level 5 in Invocations
  8605 | D:8      | Killed Maggie
  8608 | D:8      | Reached XP level 10. HP: 53/80 MP: 15/17
  8849 | D:8      | Noticed a death yak
  8850 | D:8      | Noticed a death yak
  8851 | D:8      | Found a staircase to the Lair.
  8854 | D:8      | Noticed a death yak
  8860 | D:8      | Noticed a death yak
  9342 | D:7      | Killed a death yak
  9342 | D:7      | Reached skill level 5 in Short Blades
  9342 | D:7      | Reached skill level 5 in Long Blades
  9342 | D:7      | Reached skill level 5 in Axes
  9342 | D:7      | Reached skill level 5 in Maces & Flails
  9342 | D:7      | Reached skill level 5 in Staves
  9342 | D:7      | Reached skill level 5 in Slings
  9342 | D:7      | Reached skill level 5 in Bows
  9342 | D:7      | Reached skill level 5 in Crossbows
  9342 | D:7      | Reached skill level 5 in Throwing
  9342 | D:7      | Reached skill level 5 in Dodging
  9342 | D:7      | Reached skill level 5 in Stealth
  9342 | D:7      | Reached skill level 5 in Unarmed Combat
  9342 | D:7      | Reached skill level 5 in Spellcasting
  9342 | D:7      | Reached skill level 5 in Evocations
  9827 | D:8      | Found a glowing silver altar of Zin.
  9827 | D:8      | Found a white marble altar of Elyvilon.
  9829 | D:8      | Found a radiant altar of Vehumet.
  9976 | D:8      | Killed a death yak
 10478 | D:7      | Killed a death yak
 10710 | D:8      | Killed a death yak
 11195 | D:9      | Noticed Grum
 11207 | D:9      | Killed Grum
 11207 | D:9      | Reached XP level 11. HP: 79/87 MP: 19/19
 11285 | D:9      | Found a runed translucent door.
 11679 | D:9      | Reached skill level 5 in Conjurations
 11679 | D:9      | Reached skill level 5 in Hexes
 11679 | D:9      | Reached skill level 5 in Summonings
 11679 | D:9      | Reached skill level 5 in Necromancy
 11679 | D:9      | Reached skill level 5 in Translocations
 11679 | D:9      | Reached skill level 5 in Transmutations
 11679 | D:9      | Reached skill level 5 in Fire Magic
 11679 | D:9      | Reached skill level 5 in Ice Magic
 11679 | D:9      | Reached skill level 5 in Air Magic
 11679 | D:9      | Reached skill level 5 in Earth Magic
 11679 | D:9      | Reached skill level 5 in Poison Magic
 11745 | D:9      | Noticed Murumi's ghost (journeyman FoFi)
 11798 | D:9      | Found a glowing golden altar of the Shining One.
 11847 | D:9      | Learned a level 5 spell: Silence
 12073 | D:9      | Found Sarol's Gadget Emporium.
 12080 | D:9      | Bought a wand of paralysis (9) for 154 gold pieces
 12080 | D:9      | Bought a wand of digging (3) for 196 gold pieces
 12080 | D:9      | Bought a wand of iceblast (10) for 196 gold pieces
 12756 | D:10     | Entered Level 10 of the Dungeon
 13013 | D:10     | Got a heavily runed ring mail
 13028 | D:10     | Identified the +4 ring mail "Hubbablu" {Slay+3} (You found
                  | it on level 10 of the Dungeon)
 13384 | D:10     | Found a white marble altar of Elyvilon.
 13934 | D:11     | Noticed an eight-headed hydra
 13950 | D:11     | Killed a ten-headed hydra
 14276 | D:11     | Noticed a two-headed ogre
 14282 | D:11     | Killed a two-headed ogre
 14786 | D:11     | Reached XP level 12. HP: 86/96 MP: 22/22
 14971 | D:11     | Found a runed translucent gate.
 14971 | D:11     | Found an opulent altar of Gozag.
 14972 | D:11     | Found a runed translucent gate.
 14973 | D:11     | Found a runed translucent gate.
 14973 | D:11     | Noticed ANON1729's ghost (journeyman DsTm)
 14973 | D:11     | Noticed an ettin
 15107 | D:11     | Noticed Snorg
 15116 | D:11     | Killed Snorg
 15277 | D:12     | Found a frozen archway.
 15339 | D:12     | Found a staircase to the Orcish Mines.
 15537 | IceCv    | Entered an ice cave
 15616 | IceCv    | HP: 1/97 [ice devil (9)]
 17393 | IceCv    | Reached skill level 10 in Fighting
 17393 | IceCv    | Reached skill level 10 in Armour
 17393 | IceCv    | Reached skill level 10 in Shields
 18070 | IceCv    | Got a bloodstained rapier
 18171 | D:12     | Identified the +5 rapier of Karma {drain, *Rage +Blink
                  | rElec Int+2} (You found it in an ice cave)
 18348 | D:12     | Noticed a seven-headed hydra
 18360 | D:12     | Killed a seven-headed hydra
 18524 | D:12     | Noticed Maurice
 18531 | D:12     | Killed Maurice
 18531 | D:12     | Reached XP level 13. HP: 103/103 MP: 24/24
 19410 | D:12     | Found a roughly hewn altar of Beogh.
 20381 | D:4      | Bought a tin of tremorstones (3/3) for 560 gold pieces
 20546 | Orc:1    | Entered Level 1 of the Orcish Mines
 20748 | Orc:1    | Learned a level 4 spell: Cause Fear
 21019 | Orc:1    | Found Blodikk's Bounteous Boutique.
 21028 | Orc:1    | Bought a scroll of blinking for 90 gold pieces
 21028 | Orc:1    | Bought a potion of brilliance for 48 gold pieces
 21418 | Orc:2    | Entered Level 2 of the Orcish Mines
 21787 | Orc:2    | Found Leffaiff's Assorted Antiques.
 21828 | Orc:2    | Bought a scroll of identify for 46 gold pieces
 21828 | Orc:2    | Bought a long fluorescent wand for 92 gold pieces
 21830 | Orc:2    | Bought a papyrus book for 345 gold pieces
 21841 | Orc:2    | Found a roughly hewn altar of Beogh.
 22114 | Orc:2    | Found Kuoqil's Weapon Shop.
 22382 | Orc:2    | Noticed a stone giant
 22401 | Orc:2    | Killed a stone giant
 22828 | Orc:2    | Found a staircase to the Elven Halls.
 22916 | Orc:2    | Got a polished chain mail
 22938 | Orc:2    | Identified the +4 chain mail of the Forest {+Fly rC- MR+}
                  | (You found it on level 2 of the Orcish Mines)
 23420 | Orc:2    | Found Jabam's General Store.
 23438 | Orc:2    | Reached XP level 14. HP: 111/111 MP: 26/26
 23525 | Orc:2    | Bought a scroll of enchant weapon for 105 gold pieces
 23536 | Orc:2    | Found a roughly hewn altar of Beogh.
 23536 | Orc:2    | Noticed an orc warlord
 23564 | Orc:2    | Killed an orc warlord
 23564 | Orc:2    | Reached skill level 10 in Polearms
 23888 | Orc:2    | Found Ahimogg's Gadget Emporium.
 24128 | Orc:2    | Bought a condenser vane (2/2) for 300 gold pieces
 24879 | Orc:1    | Bought a book of Burglary for 900 gold pieces
 24882 | Orc:1    | Learned a level 2 spell: Wereblood
 24889 | Orc:1    | Learned a level 6 spell: Invisibility
 24894 | Orc:1    | Learned a level 4 spell: Passage of Golubria
 25063 | Lair:1   | Entered Level 1 of the Lair of Beasts
 26060 | Lair:1   | Reached skill level 10 in Invocations
 26233 | Lair:2   | Found a runed translucent gate.
 26234 | Lair:2   | Found a runed translucent gate.
 26637 | Lair:2   | Found a runed translucent gate.
 26660 | Lair:2   | Noticed Ucoruk's ghost (journeyman OpFi)
 28076 | Lair:3   | Found a staircase to the Swamp.
 28936 | Lair:4   | Found a staircase to the Snake Pit.
 28959 | Lair:4   | Reached XP level 15. HP: 119/119 MP: 28/28
 29911 | Lair:3   | Got a scorched leather armour
 29922 | Lair:3   | Identified the cursed +0 leather armour "Xulem" {Harm rElec
                  | MR++ MP-9} (You found it on level 3 of the Lair of Beasts)
 30022 | Lair:5   | Found a staircase to the Slime Pits.
 30342 | Lair:5   | Reached skill level 10 in Short Blades
 30342 | Lair:5   | Reached skill level 10 in Long Blades
 30342 | Lair:5   | Reached skill level 10 in Axes
 30342 | Lair:5   | Reached skill level 10 in Maces & Flails
 30342 | Lair:5   | Reached skill level 10 in Staves
 30342 | Lair:5   | Reached skill level 10 in Slings
 30342 | Lair:5   | Reached skill level 10 in Bows
 30342 | Lair:5   | Reached skill level 10 in Crossbows
 30342 | Lair:5   | Reached skill level 10 in Throwing
 30342 | Lair:5   | Reached skill level 10 in Dodging
 30342 | Lair:5   | Reached skill level 10 in Stealth
 30342 | Lair:5   | Reached skill level 10 in Unarmed Combat
 30342 | Lair:5   | Reached skill level 10 in Spellcasting
 30342 | Lair:5   | Reached skill level 10 in Evocations
 31170 | Lair:6   | Entered Level 6 of the Lair of Beasts
 32060 | Lair:6   | Found a runed translucent door.
 32066 | Lair:6   | Identified the +9 spear "Transmigrator" {antimagic, +Blink
                  | rPois MR+}
 32067 | Lair:6   | Noticed rasy's ghost (journeyman MiFi)
 32114 | Lair:6   | Killed rasy's ghost
 33318 | Lair:6   | Bought a transparent morningstar for 342 gold pieces
 33318 | Lair:6   | Identified the +7 morningstar "Kitigi Ytzua" {vorpal,
                  | Str+2} (You bought it in a shop on level 6 of the Lair of
                  | Beasts)
 33322 | Lair:6   | Bought a translucent trident for 272 gold pieces
 33322 | Lair:6   | Identified the +3 trident of Laceration {vorpal, *Slow rN+
                  | Int+6} (You bought it in a shop on level 6 of the Lair of
                  | Beasts)
 33332 | Lair:6   | Bought a +1 helmet of intelligence for 280 gold pieces
 33332 | Lair:6   | Bought a +1 pair of boots of running for 620 gold pieces
 33356 | Lair:6   | Identified a scroll of acquirement
 33357 | Lair:6   | Acquired the ring of the Turtledove {Ice Int+10 SInv}
 33374 | Lair:6   | Learned a level 5 spell: Fireball
 33617 | D:11     | Killed ANON1729's ghost
 33622 | D:11     | Reached XP level 16. HP: 82/127 MP: 30/30
 34493 | D:13     | Noticed Urug
 34497 | D:13     | Found a gate to the Vaults.
 34510 | D:13     | Killed Urug
 35216 | D:14     | Found Xuqa Fag's Antique Weapon Shop.
 35277 | D:14     | Found a runed translucent gate.
 35277 | D:14     | Identified the +2 plate armour of Gravitas {Rampage rF-
                  | rN++ Regen+}
 35278 | D:14     | Found a runed translucent gate.
 35279 | D:14     | Found a runed translucent gate.
 35279 | D:14     | Found a roughly hewn altar of Beogh.
 35279 | D:14     | Noticed Bicoicew's ghost (journeyman OpVM)
 35314 | D:14     | Killed Bicoicew's ghost
 35633 | D:14     | Got a warped silver ring
 35662 | D:14     | Identified the ring "Trusted Companion" {rF+ MP+9 Int+2
                  | Dex+6} (You found it on level 14 of the Dungeon)
 35679 | D:14     | Found a bloodstained altar of Trog.
 36793 | D:14     | Found a white marble altar of Elyvilon.
 37210 | D:15     | Entered Level 15 of the Dungeon
 37527 | D:15     | Reached XP level 17. HP: 135/135 MP: 32/32
 38351 | D:15     | Found a staircase to the Depths.
 38439 | D:15     | Learned a level 5 spell: Summon Mana Viper
 39232 | Elf:1    | Entered Level 1 of the Elven Halls
 39526 | Elf:1    | Found Zushadui's Jewellery Emporium.
 39544 | Elf:1    | Upgraded the game from 0.26-a0-540-g8a0c9464d7 to
                  | 0.26-a0-541-g3b3d21e777
 40956 | Elf:1    | Noticed Asterion
 40977 | Elf:1    | Killed Asterion
 40978 | Elf:1    | Found a radiant altar of Vehumet.
 42190 | Elf:2    | Found a runed translucent gate.
 42190 | Elf:2    | Found a runed translucent gate.
 42190 | Elf:2    | Found a runed translucent gate.
 42210 | Elf:2    | Found a shimmering altar of Xom.
 42325 | Elf:2    | Reached skill level 10 in Conjurations
 42325 | Elf:2    | Reached skill level 10 in Hexes
 42325 | Elf:2    | Reached skill level 10 in Summonings
 42325 | Elf:2    | Reached skill level 10 in Necromancy
 42325 | Elf:2    | Reached skill level 10 in Translocations
 42325 | Elf:2    | Reached skill level 10 in Transmutations
 42325 | Elf:2    | Reached skill level 10 in Fire Magic
 42325 | Elf:2    | Reached skill level 10 in Ice Magic
 42325 | Elf:2    | Reached skill level 10 in Air Magic
 42325 | Elf:2    | Reached skill level 10 in Earth Magic
 42325 | Elf:2    | Reached skill level 10 in Poison Magic
 42432 | Elf:2    | Found Juyc's Weapon Shoppe.
 42636 | Elf:2    | Found Gacretota's Antique Weapon Shop.
 42723 | Elf:3    | Entered Level 3 of the Elven Halls
 43325 | Elf:3    | Found Omunotec's Weapon Emporium.
 43325 | Elf:3    | Found Tangoxt's Jewellery Shoppe.
 43326 | Elf:3    | Found Kuicwi's Armour Emporium.
 43330 | Elf:3    | Found Vesaugoz's General Store.
 43336 | Elf:3    | Bought 5 javelins for 48 gold pieces
 43336 | Elf:3    | Bought a potion of invisibility for 96 gold pieces
 43859 | Elf:3    | Noticed a deep elf blademaster
 43870 | Elf:3    | Killed a deep elf blademaster
 43870 | Elf:3    | Reached XP level 18. HP: 101/143 MP: 29/33
 43911 | Elf:3    | Cast into level 2 of the Abyss (a deep elf sorcerer)
 44053 | Abyss:2  | HP: 4/143 [large abomination (20)]
 44053 | Abyss:2  | Killed from afar by a starcursed mass

Illustrated notes

Levels and vault maps discovered:
D:1:      dpeg_arrival_ternary, layout_basic
D:2:      minmay_chambers_of_twos, layout_rooms, overflow_temple_1_default,
          lightli_corner_chamber, uniq_terence
D:3:      layout_basic, led_sif_pool, lemuel_crystal_altar,
          minmay_misc_feat_iff, patterned_corridor
D:4:      layout_loops_ring, kennysheep_mini_moat,
          gammafunk_temple_overflow_arena, overflow_temple_1_default,
          serial_shops, shop, uniq_crazy_yiuf_cottage
D:5:      minmay_recursive_quarters, layout_loops_cross, kennysheep_little_box,
          minmay_temple_entry_junction
D:6:      layout_layer_cave, kiku_gazebo_pond_becter,
          cheibrodos_sewer_entry_bend
D:7:      layout_cave_pools, nicolae_overflow_crystal_walls, sigmund_army
D:8:      layout_rooms, gammafunk_temple_overflow_claw, dpeg_lair_monsters,
          uniq_maggie
D:9:      layout_basic, tso_metal_star, serial_shops, nicolae_shop_statue_plus,
          ebering_ghost_reflecting_pool, uniq_grum
D:10:     layout_loops_ring, small_statue_alley_a,
          chequers_serial_rivers_large_a, elyvilon_altar_4
D:11:     layout_rooms, ebering_ghost_gozag, nicolae_two_hexagons, uniq_snorg
D:12:     layout_layer_cave, minmay_orc_entry_temple_small,
          portal_ice_cave_rime, uniq_maurice
D:13:     layout_basic, david_vaults_3
D:14:     minmay_spiral_squares, layout_irregular_city,
          biasface_ghost_orc_armoury, lemuel_round_altar, basic_altar,
          serial_shops, nicolae_shop_overgrown_old_shop
D:15:     gammafunk_enter_depths_forms, layout_rooms, minmay_misc_feat_x
Temple:   compressed_dpeg_triangle_lava_temple
Lair:1:   layout_loops_ring, gauntlet_entry_generic
Lair:2:   layout_gridlike, maelrawn_ghost_gauntlet_escape
Lair:3:   layout_gridlike, minmay_swamp_entry_worms, serial_bayou,
          serial_bayou_pond_b, serial_bayou_lagoon_a, serial_bayou_pond_b,
          serial_bayou_pond_d, serial_bayou_shore_a, serial_bayou_pond_e
Lair:4:   layout_cave_pods, minmay_snake_entry_six_corridors, grunt_megastairs_2
Lair:5:   layout_long_grid, slime_dummy, minivault_29
Lair:6:   minmay_lair_end_frog_pond, layout_gridlike,
          ebering_ghost_funeral_grove, kilobyte_rumbling_trees
Orc:1:    layout_diamond_mine, nicolae_alphabet_shops
Orc:2:    pubby_orc_utopia
Elf:1:    minmay_elf_arrival_summoners, layout_geoelf_octagon, serial_shops,
          shop, basic_altar, uniq_asterion
Elf:2:    layout_geoelf_diagonals, serial_shops, nicolae_shop_statue_plus, shop,
          basic_altar
Elf:3:    minmay_elf_hall_x, layout_geoelf_castle, minmay_shoptagon
Abyss:2:  base: D:14, base:
Swamp:4

Skill      XL: |  1  2  3  4  5  6  7  8  9 10 11 12 13 14 15 16 17 18 |
---------------+-------------------------------------------------------+-----
Invocations    | 1 2 3 4 5 6 7 8 9 10 11 12 | 12.9
Short Blades   | 1 2 3 4 5 6 7 8 9 10 11 12 | 12.0
Long Blades    | 1 2 3 4 5 6 7 8 9 10 11 12 | 12.0
Axes           | 1 2 3 4 5 6 7 8 9 10 11 12 | 12.0
Maces & Flails | 1 2 3 4 5 6 7 8 9 10 11 12 | 12.0
Staves         | 1 2 3 4 5 6 7 8 9 10 11 12 | 12.0
Slings         | 1 2 3 4 5 6 7 8 9 10 11 12 | 12.0
Bows           | 1 2 3 4 5 6 7 8 9 10 11 12 | 12.0
Crossbows      | 1 2 3 4 5 6 7 8 9 10 11 12 | 12.0
Throwing       | 1 2 3 4 5 6 7 8 9 10 11 12 | 12.0
Dodging        | 1 2 3 4 5 6 7 8 9 10 11 12 | 12.0
Stealth        | 1 2 3 4 5 6 7 8 9 10 11 12 | 12.0
Unarmed Combat | 1 2 3 4 5 6 7 8 9 10 11 12 | 12.0
Spellcasting   | 1 2 3 4 5 6 7 8 9 10 11 12 | 12.0
Evocations     | 1 2 3 4 5 6 7 8 9 10 11 12 | 12.0
Conjurations   | 1 2 3 4 5 6 7 8 9 10 | 10.2
Hexes          | 1 2 3 4 5 6 7 8 9 10 | 10.2
Summonings     | 1 2 3 4 5 6 7 8 9 10 | 10.2
Necromancy     | 1 2 3 4 5 6 7 8 9 10 | 10.2
Translocations | 1 2 3 4 5 6 7 8 9 10 | 10.2
Transmutations | 1 2 3 4 5 6 7 8 9 10 | 10.2
Fire Magic     | 1 2 3 4 5 6 7 8 9 10 | 10.2
Ice Magic      | 1 2 3 4 5 6 7 8 9 10 | 10.2
Air Magic      | 1 2 3 4 5 6 7 8 9 10 | 10.2
Earth Magic    | 1 2 3 4 5 6 7 8 9 10 | 10.2
Poison Magic   | 1 2 3 4 5 6 7 8 9 10 | 10.2
Polearms       | 5 6 7 8 9 10 11 12 | 12.7
Fighting       | 7 8 9 10 11 12 13 | 13.3
Armour         | 7 8 9 10 11 12 13 | 13.3
Shields        | 7 8 9 10 11 12 13 | 13.3

Action                   |  1- 3 |  4- 6 |  7- 9 | 10-12 | 13-15 | 16-18 || total
-------------------------+-------+-------+-------+-------+-------+-------++-------
Melee: Trident           |   116 |   169 |   520 |     5 |       |       ||   810
       Bite              |    12 |    11 |    76 |   132 |   252 |   128 ||   611
       Long sword        |       |       |    76 |   376 |       |       ||   452
       Scimitar          |       |       |       |   204 |    74 |       ||   278
       Rapier            |       |       |       |    44 |  1353 |       ||  1397
       Morningstar       |       |       |       |       |    11 |   753 ||   764
       Eveningstar       |       |       |       |       |       |    24 ||    24
Throw: Boomerang         |       |       |       |    27 |       |    40 ||    67
       Javelin           |       |       |       |    17 |     3 |       ||    20
 Cast: Fireball          |       |       |       |       |       |     2 ||     2
Invok: Call Merchant     |       |       |       |       |     3 |       ||     3
Evoke: Wand              |       |       |     3 |     6 |     6 |     3 ||    18
       Condenser vane    |       |       |       |       |     3 |     4 ||     7
       Tin of tremorston |       |       |       |       |     2 |     2 ||     4
  Use: Scroll            |       |       |    10 |     7 |    15 |    10 ||    42
       Potion            |       |       |     4 |     4 |     2 |     6 ||    16
 Stab: Sleeping          |       |       |       |    19 |    27 |    23 ||    69
       Distracted        |       |       |       |     4 |    14 |     7 ||    25
       Paralysed         |       |       |       |     3 |       |       ||     3
Armor: Scale mail        |    30 |    49 |    91 |       |       |       ||   170
       Plate armour      |       |       |    54 |       |       |       ||    54
       Ring mail         |       |       |       |   150 |   271 |   209 ||   630
       Steam dragon scal |       |       |       |    17 |       |       ||    17
Dodge: Dodged            |    19 |    48 |   217 |   290 |   658 |   376 ||  1608
Block: Kite shield       |    32 |    87 |   343 |   318 |   838 |   462 ||  2080
       Rpst.: Long sword |       |       |     9 |    35 |       |       ||    44
       Scimitar          |       |       |       |    17 |    13 |       ||    30

Table legend: (Time is in decaauts)
 A = Elapsed time spent in this place.
 B = Non-inter-level travel time spent in this place.
 C = Inter-level travel time spent in this place.
 D = Time resting spent in this place.
 E = Time spent auto-exploring this place.
 F = Levels seen in this place.
 G = Mean time per level.
                   A        B        C        D        E       F      G
               +--------+--------+--------+--------+--------+-----+--------+
         Total |  44009 |  39956 |   4053 |   9856 |  21314 |  30 | 1467.0 |
       Dungeon |  22708 |  20032 |   2676 |   4627 |  11056 |  15 | 1513.9 |
        Temple |    182 |    182 |      0 |      0 |    157 |   1 |  182.0 |
          Lair |   8839 |   8019 |    820 |   1257 |   4897 |   6 | 1473.2 |
  Orcish Mines |   4717 |   4233 |    484 |   1228 |   2087 |   2 | 2358.5 |
   Elven Halls |   4002 |   3931 |     71 |    681 |   2462 |   3 | 1334.0 |
         Abyss |    142 |    142 |      0 |     16 |     43 |   1 |  142.0 |
         Sewer |    807 |    807 |      0 |      0 |    532 |   1 |  807.0 |
      Ice Cave |   2608 |   2608 |      0 |   2045 |     78 |   1 | 2608.0 |
               +--------+--------+--------+--------+--------+-----+--------+

Top non-repeatable levels by time:
   Orc:2: 3635 daAuts
    D:12: 2766 daAuts
   IceCv: 2608 daAuts
     D:6: 2492 daAuts
   Elf:1: 2218 daAuts
    D:14: 1900 daAuts
  Lair:6: 1816 daAuts
  Lair:3: 1778 daAuts
  Lair:5: 1702 daAuts
     D:9: 1634 daAuts
     D:7: 1594 daAuts
  Lair:4: 1462 daAuts
    D:10: 1459 daAuts
    D:11: 1441 daAuts
     D:3: 1403 daAuts
